 Dungeon Crawl Stone Soup version 0.32-a0-20-ge526923d97 (webtiles) character file.

Game seed: 15055260900447762075

3058 gelatine the Skirmisher (level 9, -1/103 HPs)
             Began as a Demonspawn Hunter on Jan 17, 2024.
             Slain by a two-headed ogre
             ... wielding a +0 giant club
              (15 damage)
             ... on level 8 of the Dungeon.
             The game lasted 00:16:44 (8093 turns).

gelatine the Skirmisher (Demonspawn Hunter)         Turns: 8093, Time: 00:16:45

Health: -1/103     AC: 24    Str: 12    XL:     9   Next: 57%
Magic:  12/12      EV:  2    Int: 10    God:
Gold:   505        SH:  0    Dex: 23    Spells: 9/12 levels left

rFire   . . .        a - +0 shortbow
rCold   . . .        (shield currently unavailable)
rNeg    . . .        B - melded +3 ring mail
rPois   +            (helmet currently unavailable)
rElec   .            q - melded +0 cloak
rCorr   +            (gloves currently unavailable)
SInv    .            (boots currently unavailable)
Will    ++...        (no amulet)
Stlth   +            c - ring "Peabouc" {^Contam Fly Will++ rCorr Dex+3}
HPRegen 0.37/turn    w - ring of poison resistance
MPRegen 0.13/turn

%: no passive effects
@: confused, tree-form, ambrosia-drunk, invisible
A: stationary, stasis, torment immunity, boosted hp, (horns 1), (icy blue scales
2), demonic magic 1
a: no special abilities


You were on level 8 of the Dungeon.
You were a tree.
You visited 2 branches of the dungeon, and saw 9 of its levels.

You collected 505 gold pieces.

Inventory:

Hand Weapons
 a - a +0 shortbow (weapon)
Missiles
 j - 3 throwing nets
Armour
 q - a +0 cloak (melded)
 B - a +3 ring mail (melded)
Jewellery
 c - the ring "Peabouc" (left branch) {^Contam Fly Will++ rCorr Dex+3}
   (You found it on level 8 of the Dungeon)

   [ring of resist corrosion]

   Dex+3:     It affects your dexterity (+3).
   Will++:    It greatly increases your willpower.
   Fly:       It grants you flight.
   ^Contam:   It causes magical contamination when unequipped.
   rCorr:     It protects you from acid and corrosion.
 p - a ring of ice
 v - the ring "Baptod" {Fly rF+ Int+4}
   (You found it on level 4 of the Dungeon)

   [ring of protection from fire]

   Int+4:     It affects your intelligence (+4).
   rF+:       It protects you from fire.
   Fly:       It grants you flight.
 w - a ring of poison resistance (right branch)
 D - a +4 ring of protection
Wands
 i - a wand of paralysis (23)
Scrolls
 b - a scroll of vulnerability {unknown}
 l - 4 scrolls of amnesia {unknown}
 m - a scroll of poison {unknown}
 o - 6 scrolls of teleportation {unknown}
 r - 2 scrolls of fog {unknown}
 s - a scroll of blinking {unknown}
 y - 3 scrolls of enchant weapon {unknown}
 z - a scroll of enchant armour {unknown}
 A - a scroll of revelation {unknown}
 C - 2 scrolls of brand weapon {unknown}
Potions
 d - a potion of lignification
 e - a potion of berserk rage
 f - a potion of invisibility
 h - 2 potions of mutation
 n - a potion of magic {unknown}
 t - 2 potions of attraction {unknown}
 u - 2 potions of haste {unknown}
 x - 2 potions of curing {unknown}


   Skills:
 * Level 5.9 Fighting
 * Level 9.7 Ranged Weapons
 * Level 3.9 Armour
 * Level 3.8 Dodging
 + Level 1.4 Stealth
 * Level 2.3 Spellcasting
 * Level 2.1 Air Magic


You had 9 spell levels left.
You knew the following spells:

 Your Spells              Type           Power      Damage    Failure   Level
a - Swiftness             Air            5%         N/A       36%         3

Your spell library contained the following spells:

 Spells                   Type           Power      Damage    Failure   Level
 Shock                    Conj/Air       12%        1d3       19%         1
 Apportation              Tloc           2%         N/A       30%         1
 Necrotise                Necr           4%         1d4       30%         1
 Sting                    Conj/Alch      4%         1d3       30%         1
 Summon Small Mammal      Summ           4%         N/A       30%         1
 Cigotuvi's Dreadful Rot  Necr/Alch/Air  4%         N/A       34%         2
 Lesser Beckoning         Tloc           2%         N/A       41%         2
 Mephitic Cloud           Conj/Alch/Air  2%         N/A       56%         3
 Dazzling Flash           Conj/Hex       2%         N/A       65%         3
 Gell's Gravitas          Tloc           1%         N/A       65%         3
 Teleport Other           Tloc           1%         N/A       65%         3
 Airstrike                Air            2%         2d(1-17)  77%         4
 Brom's Barrelling Bould  Conj/Erth      1%         2d3       96%         4
 Dispel Undead            Necr           1%         3d6       96%         4
 Martyr's Knell           Necr/Summ      1%         N/A       96%         4
 Silence                  Hex/Air        1%         N/A       99%         5
 Curse of Agony           Necr           1%         N/A       100%        5
 Fireball                 Conj/Fire      0%         3d3       100%        5
 Iskenderun's Battlesphe  Conj           1%         2d6       100%        5
 Conjure Ball Lightning   Conj/Air       1%         3x3d6     100%        6
 Death Channel            Necr           0%         N/A       100%        6
 Orb of Destruction       Conj           0%         9d5       100%        7


Dungeon Overview and Level Annotations

Branches:
Dungeon (8/15)             Temple (1/1) D:6
   Lair: D:8-11

Altars:
Cheibriados
Dithmenos
Fedhas
Gozag
Hepliaklqana
Makhleb
Nemelex Xobeh
Okawaru
Qazlal
Ru
Sif Muna
Trog
Uskayaw
Vehumet
Wu Jian
Xom
Yredelemnul

Shops:
D:1 ==

Portals:
Abyss: D:6

Annotations:
D:6 2 transporters, gebbletook2's ghost, novice OpSh


Innate Abilities, Weirdness & Mutations

You are a tree.
Your roots penetrate the ground, keeping you stationary.
You cannot be teleported.
You are immune to unholy pain and torment.
Your maximum health is greatly increased.
Your equipment is partially melded.
((You have a pair of small horns on your head.))
((You are mostly covered in icy blue scales. (AC +3)))
Spells you cast may paralyse adjacent enemies.


Message History

The two-headed ogre is lightly wounded.
You shoot an arrow.
The arrow completely misses the two-headed ogre.
You shoot an arrow.
The arrow hits the two-headed ogre but does no damage.
The two-headed ogre is lightly wounded.
The two-headed ogre hits you with a +0 giant club!!
The two-headed ogre hits you with a +2 dire flail of protection!
You are too injured to fight recklessly!
You are too injured to fight recklessly!
You are too injured to fight recklessly!
You are too injured to fight recklessly!
You shoot an arrow.
The arrow barely misses the two-headed ogre.
The two-headed ogre barely misses you.
The two-headed ogre hits you but does no damage.
You shoot an arrow.
The arrow barely misses the two-headed ogre.
You shoot an arrow.
The arrow hits the two-headed ogre but does no damage.
The two-headed ogre is lightly wounded.
The two-headed ogre hits you with a +0 giant club.
The two-headed ogre hits you with a +2 dire flail of protection!
* * * LOW HITPOINT WARNING * * *
You turn into a tree.
Your +0 cloak melds into your body.
Your +3 ring mail melds into your body.
Your roots penetrate the ground.
The two-headed ogre hits you with a +0 giant club.
* * * LOW HITPOINT WARNING * * *
The two-headed ogre hits you with a +2 dire flail of protection.
* * * LOW HITPOINT WARNING * * *
You are confused.
You feel invigorated.
You fade into invisibility!
The two-headed ogre hits you with a +0 giant club!
* * * LOW HITPOINT WARNING * * *
The two-headed ogre hits you but does no damage.
You cannot move. (Use ctrl+direction or * direction to attack while stationary and confused.)
You shoot an arrow.
The two-headed ogre hits you with a +0 giant club!
You die...

..... ####.####
#.......###### .#
#.##.##......# #.##.
##.##.##......##....
#.....##[.....#...##.
#..#####.............
#..#######...........
#.....# ##♣##...#.
#.#.### ##O...#>#
#....# . ###.[.#
####.##.... ........
## #.<......_..
.........
#.##.##.....
#.#####.# #.##.##
...8####.#####.#
###.##..##
..##..........#####
###........#
##..##.###[.......


You could see a two-headed ogre (unable to see you).

Vanquished Creatures
  A wraith (D:7)
  2 steam dragons
  2 water moccasins
  3 ice beasts
  2 sky beasts
  A black bear (D:4)
  2 ogres (D:5)
  2 phantoms (D:4)
  A kobold brigand (D:7)
  3 bullfrogs
  2 scorpions (D:6)
  A wight (D:8)
  A lava snake (D:8)
  A howler monkey (D:6)
  A bombardier beetle (D:4)
  4 hounds
  A jelly (D:6)
  An orc priest (D:3)
  A gnoll bouda (D:7)
  6 iguanas
  2 sleepcaps (D:6)
  7 orc wizards
  19 gnolls
  6 adders
  5 white imps
  2 ufetubi (D:7)
  5 dart slugs (D:1)
  4 ribbon worms
  25 orcs
  7 bats
  9 endoplasms
  3 giant cockroaches (D:2)
  10 goblins
  9 hobgoblins
  3 jackals (D:4)
  3 quokkas
  11 ball pythons
  9 frilled lizards
  11 kobolds
  7 rats
195 creatures vanquished.

Notes
Turn   | Place    | Note
-------+----------+-------------------------------------------
     0 | D:1      | gelatine the Demonspawn Hunter began the quest for the Orb.
     0 | D:1      | Reached XP level 1. HP: 16/16 MP: 1/1
   101 | D:1      | Found Qaeruymp's One-of-a-Kind Rings.
   125 | D:1      | Reached skill level 4 in Ranged Weapons
   147 | D:1      | Gained mutation: You are partially covered in icy blue
                  | scales. (AC +2) [demonic ancestry]
   147 | D:1      | Reached XP level 2. HP: 19/22 MP: 2/2
   344 | D:1      | Reached XP level 3. HP: 27/27 MP: 3/3
   359 | D:1      | Found Ugaroefybb's Jewellery Boutique.
   929 | D:2      | Reached XP level 4. HP: 13/34 MP: 4/4
  1267 | D:2      | Reached skill level 5 in Ranged Weapons
  1286 | D:2      | Gained mutation: You are mostly covered in icy blue scales.
                  | (AC +3) [demonic ancestry]
  1286 | D:2      | Reached XP level 5. HP: 35/40 MP: 5/5
  1925 | D:3      | Reached skill level 1 in Stealth
  1929 | D:3      | Noticed a water moccasin
  1949 | D:3      | Reached skill level 1 in Armour
  1954 | D:3      | Killed a water moccasin
  1955 | D:3      | Reached skill level 6 in Ranged Weapons
  1955 | D:3      | Gained mutation: You have a pair of small horns on your
                  | head. [demonic ancestry]
  1955 | D:3      | Reached XP level 6. HP: 10/47 MP: 6/6
  2587 | D:4      | Found a snail-covered altar of Cheibriados.
  2736 | D:4      | Reached XP level 7. HP: 36/52 MP: 7/7
  2875 | D:4      | Identified the ring "Baptod" {Fly rF+ Int+4}
  3015 | D:4      | Learned a level 3 spell: Swiftness
  3047 | D:4      | Found a sparkling altar of Nemelex Xobeh.
  3053 | D:4      | Found a hazy altar of Hepliaklqana.
  3056 | D:4      | Found an iron altar of Okawaru.
  3056 | D:4      | Found a shimmering blue altar of Sif Muna.
  3064 | D:4      | Found a shimmering altar of Xom.
  3933 | D:5      | Entered Level 5 of the Dungeon
  3980 | D:5      | Reached skill level 7 in Ranged Weapons
  4460 | D:5      | Gained mutation: Spells you cast may paralyse adjacent
                  | enemies. [demonic ancestry]
  4460 | D:5      | Reached XP level 8. HP: 50/61 MP: 8/8
  4486 | D:5      | HP: 3/61 [ogre/+0 giant spiked club (26)]
  4998 | D:5      | Reached skill level 1 in Spellcasting
  5021 | D:5      | Reached skill level 8 in Ranged Weapons
  5029 | D:5      | Reached skill level 1 in Air Magic
  5790 | D:6      | Found a hide-covered altar of Uskayaw.
  6139 | D:6      | Reached skill level 5 in Fighting
  6166 | D:6      | Found a transporter.
  6178 | D:6      | Found a transporter.
  6207 | D:6      | Found a one-way gate to the infinite horrors of the Abyss.
  6207 | D:6      | Noticed gebbletook2's ghost (novice OpSh)
  6270 | D:6      | Found a staircase to the Ecumenical Temple.
  6278 | Temple   | Entered the Ecumenical Temple
  6371 | D:6      | Reached XP level 9. HP: 68/68 MP: 11/11
  6562 | D:7      | Reached skill level 9 in Ranged Weapons
  7353 | D:8      | Found an ornate altar of the Wu Jian Council.
  7862 | D:8      | Identified the ring "Peabouc" {^Contam Fly Will++ rCorr
                  | Dex+3}
  8079 | D:8      | Noticed a two-headed ogre
  8093 | D:8      | Slain by a two-headed ogre

Illustrated notes

Levels and vault maps discovered:
D:1:      elethiomel_arrival_maze, layout_rooms, serial_shops, shop_statue,
          serial_bayou, serial_bayou_lagoon_a, serial_bayou_pond_e,
          serial_bayou_ford_a, serial_bayou_pond_d, wad_floor_pattern_untrapped,
          nicolae_shop_unique_rings
D:2:      minmay_inner_zag, layout_basic, minmay_pentomino_pile
D:3:      layout_loops_ring
D:4:      layout_layer_cave, mainiacjoe_overflow_brackets,
          nicolae_overflow_hallway_of_the_gods, grunt_ministairs_3,
          minmay_misc_feat_secret_circle
D:5:      layout_loops_ring
D:6:      layout_loops_ring, nicolae_uskayaw_murder_on_the_dancefloor,
          minmay_temple_entry_stoned_glass, gammafunk_ghost_abyssal_escape,
          small_statue_intersection, serial_library_hellmonk_angled_corner
D:7:      layout_basic, serial_park_tiny_pond
D:8:      layout_loops_cross, nzn_wu_jian_council_hall, kennysheep_diamond,
          st_stairs_14
Temple:   nicolae_temple_godzebo

Skill      XL: |  1  2  3  4  5  6  7  8  9 |
---------------+----------------------------+-----
Ranged Weapons | 4 5 6 7 8 9 |  9.7
Dodging        | 2 3 |  3.8
Stealth        | 1 |  1.4
Armour         | 1 2 3 |  3.9
Fighting       | 3 4 5 |  5.9
Spellcasting   | 1 2 |  2.3
Air Magic      | 1 2 |  2.1

Action                     |  1- 3 |  4- 6 |  7- 9 || total
---------------------------+-------+-------+-------++-------
   Fire: Shortbow          |   118 |   180 |   650 ||   948
    Use: Scroll            |       |       |     7 ||     7
         Potion            |       |       |     5 ||     5
 Armour: Leather armour    |    25 |    62 |   132 ||   219
         Ring mail         |       |       |   152 ||   152
         Skin              |       |       |    24 ||    24
  Dodge: Dodged            |    26 |    42 |   257 ||   325

Table legend: (Time is in decaauts)
 A = Elapsed time spent in this place.
 B = Non-inter-level travel time spent in this place.
 C = Inter-level travel time spent in this place.
 D = Time resting spent in this place.
 E = Time spent auto-exploring this place.
 F = Levels seen in this place.
 G = Mean time per level.
                   A        B        C        D        E       F      G
               +--------+--------+--------+--------+--------+-----+--------+
         Total |   8256 |   7872 |    384 |      0 |   6323 |   9 |  917.3 |
       Dungeon |   8254 |   7870 |    384 |      0 |   6323 |   8 | 1031.8 |
        Temple |      1 |      1 |      0 |      0 |      0 |   1 |    1.0 |
               +--------+--------+--------+--------+--------+-----+--------+

Top non-repeatable levels by time:
     D:5: 1677 daAuts
     D:4: 1427 daAuts
     D:7: 1216 daAuts
     D:2: 981 daAuts
     D:6: 953 daAuts
     D:3: 825 daAuts
     D:1: 777 daAuts
     D:8: 394 daAuts
  Temple: 1 daAuts
